 Dungeon Crawl Stone Soup version 0.30-a0-377-g5cb311bc9f (webtiles) character file.

Game seed: 16138895605204891254

35 KennySheep the Shooter (level 3, 0/29 HPs)
             Began as a Demigod Hunter on Dec 1, 2022.
             Slain by Terence
             ... wielding a +1 mace of holy wrath
              (2 damage)
             ... on level 2 of the Dungeon.
             The game lasted 00:03:35 (903 turns).

KennySheep the Shooter (Demigod Hunter)              Turns: 903, Time: 00:03:35

Health: 0/29       AC:  3    Str: 12    XL:     3   Next: 4%
Magic:  5/5        EV: 12    Int: 11    God:
Gold:   48         SH:  0    Dex: 21    Spells: 2/2 levels left

rFire   . . .      SeeInvis .    a - +0 shortbow
rCold   . . .      Faith    .    (shield currently unavailable)
rNeg    . . .      Spirit   .    c - +0 leather armour
rPois   .          Reflect  .    (no helmet)
rElec   .          Harm     .    (no cloak)
rCorr   .          Rampage  .    (no gloves)
Will    .....                    (no boots)
Stlth   ++........               (no amulet)
HPRegen 0.24/turn                (no ring)
MPRegen 0.09/turn                (no ring)

@: brilliant
A: high MP 1, forlorn, divine attributes
a: no special abilities


You were on level 2 of the Dungeon.
You visited 1 branch of the dungeon, and saw 2 of its levels.

You collected 48 gold pieces.

Inventory:

Hand Weapons
 a - a +0 shortbow (weapon)
Armour
 c - a +0 leather armour (worn)
Jewellery
 d - a ring of wizardry
Scrolls
 b - a scroll of immolation
 i - a scroll of silence {unknown}
 m - a scroll of magic mapping {unknown}
Potions
 f - a potion of magic {unknown}
 h - a potion of brilliance
 j - a potion of cancellation
 k - a potion of resistance {unknown}
 l - a potion of flight {unknown}


   Skills:
 - Level 1.7 Fighting
 * Level 4.1 Ranged Weapons
 + Level 2.2 Dodging
 + Level 1.6 Stealth


You had 2 spell levels left.
You didn't know any spells.
Your spell library was empty.

Dungeon Overview and Level Annotations

Branches:
Dungeon (2/15)

Annotations:
D:2 Terence


Innate Abilities, Weirdness & Mutations

You have an increased reservoir of magic. (+10% MP)
You shall have no god before yourself.
Your divine heritage dramatically boosts your attributes as you level up.


Message History

Terence hits you with a +1 mace of holy wrath.
You shoot an arrow. The arrow hits Terence!
Terence is severely wounded.
Terence hits you with a +1 mace of holy wrath.
Terence barely misses you.
You shoot an arrow. The arrow barely misses Terence.
Terence asks, "Do you want it fast or slow?"
Terence hits you with a +1 mace of holy wrath.
You shoot an arrow.
The arrow hits Terence but does no damage.
Terence is severely wounded.
Terence hits you with a +1 mace of holy wrath!
* * * LOW HITPOINT WARNING * * *
You feel better.
Terence hits you with a +1 mace of holy wrath.
* * * LOW HITPOINT WARNING * * *
It was a potion of heal wounds.
You feel much better. Terence closely misses you.
You shoot an arrow.
The arrow hits Terence but does no damage.
Terence is severely wounded.
Terence closely misses you.
Terence hits you with a +1 mace of holy wrath!
You shoot an arrow. The arrow hits Terence.
Terence is severely wounded.
Terence hits you with a +1 mace of holy wrath!
You shoot an arrow.
The arrow hits Terence but does no damage.
Terence is severely wounded.
Terence hits you with a +1 mace of holy wrath.
* * * LOW HITPOINT WARNING * * *
It was a potion of brilliance.
You feel clever all of a sudden.
Terence hits you with a +1 mace of holy wrath.
* * * LOW HITPOINT WARNING * * *
You shoot an arrow.
The arrow hits Terence but does no damage.
Terence is severely wounded.
Terence hits you with a +1 mace of holy wrath.
You die...

##### #...# ####### #...#
.......###########...####
.....$.@@........†...')..
######.####.##.###...####
#. #.##.# #...# # #.
#.##.# #...###. #. #).#.#
#....... #( ##...#
#...)... .. ##.# #.......
## #.# #.).....
#....###....


You could see Terence.

Vanquished Creatures
  3 bats
  4 endoplasms
  A giant cockroach (D:1)
  4 goblins
  3 hobgoblins (D:1)
  A quokka (D:1)
  4 ball pythons
  10 kobolds
30 creatures vanquished.

Notes
Turn   | Place    | Note
-------+----------+-------------------------------------------
     0 | D:1      | KennySheep the Demigod Hunter began the quest for the Orb.
     0 | D:1      | Reached XP level 1. HP: 17/17 MP: 3/3
    70 | D:1      | Reached skill level 1 in Stealth
   211 | D:1      | Reached XP level 2. HP: 24/24 MP: 4/4
   386 | D:1      | Reached skill level 4 in Ranged Weapons
   869 | D:2      | Reached XP level 3. HP: 29/29 MP: 5/5
   883 | D:2      | Noticed Terence
   902 | D:2      | HP: 1/29 [Terence/+1 mace of holy wrath (6)]
   903 | D:2      | Slain by Terence

Illustrated notes

Levels and vault maps discovered:
D:1:      dpeg_arrival_simpleton_c, layout_loops_ring, serial_glass,
          glass_columns_a, glass_columns_c, glass_columns_c, glass_columns_b,
          glass_columns_a, amethyst_killhole, chequers_serial_rivers_room_a,
          minmay_pentomino_x4
D:2:      minmay_diamond_boxcup, layout_basic, shapermc_ecumenical_altar_petra,
          uniq_terence, uniq_crazy_yiuf_cottage

Skill      XL: |  1  2 |
---------------+-------+-----
Stealth        | 1 |  1.6
Dodging        | 2 |  2.2
Ranged Weapons | 4 |  4.1
Fighting       | |  1.7

Action                   || total
-------------------------++-------
 Fire: Shortbow          ||    90
  Use: Potion            ||     5
Armor: Leather armour    ||     8
Dodge: Dodged            ||    29

Table legend: (Time is in decaauts)
 A = Elapsed time spent in this place.
 B = Non-inter-level travel time spent in this place.
 C = Inter-level travel time spent in this place.
 D = Time resting spent in this place.
 E = Time spent auto-exploring this place.
 F = Levels seen in this place.
 G = Mean time per level.
                   A        B        C        D        E       F      G
               +--------+--------+--------+--------+--------+-----+--------+
         Total |    933 |    814 |    119 |      0 |    591 |   2 |  466.5 |
       Dungeon |    933 |    814 |    119 |      0 |    591 |   2 |  466.5 |
               +--------+--------+--------+--------+--------+-----+--------+

Top non-repeatable levels by time:
     D:1: 807 daAuts
     D:2: 126 daAuts
